 Dungeon Crawl Stone Soup version 0.19.0 (webtiles) character file.

15184 Danakh the Cleaver (level 11, -10/101 HPs)
             Began as a Minotaur Fighter on Nov 7, 2016.
             Was an Elder of Trog.
             Mangled by a sixfirhy (11 damage)
             ... summoned by a deep elf mage
             ... on level 11 of the Dungeon.
             The game lasted 00:28:29 (10111 turns).

Danakh the Cleaver (Minotaur Fighter)              Turns: 10111, Time: 00:28:29

Health: -10/101    AC: 19    Str: 23    XL:     11   Next: 98%
Magic:  10/10      EV:  6    Int:  5    God:    Trog [****..]
Gold:   245        SH: 23    Dex: 17    Spells: 0 memorised, 10 levels left

rFire  . . .     SeeInvis +     a - +0 war axe
rCold  . . .     Gourm    .     L - +0 plate armour
rNeg   . . .     Faith    .     c - +0 shield
rPois  +         Spirit   .     Y - +1 hat {MR+}
rElec  .         Reflect  +     R - +0 cloak
rCorr  .         Harm     .     o - +0 pair of gloves
MR     +....                    (no boots)
Stlth  ..........               I - +6 amulet of reflection
                                B - ring of see invisible
                                n - +6 ring of dexterity

@: exhausted, very slightly contaminated, hasted and slowed
A: retaliatory headbutt, horns 2, large bone plates 1, poison resistance
a: Berserk, Trog's Hand, Brothers in Arms, Burn Spellbooks, Renounce Religion


You were on level 11 of the Dungeon.
You worshipped Trog.
Trog was greatly pleased with you.
You were not hungry.

You visited 2 branches of the dungeon, and saw 12 of its levels.
You also visited: Sewer and Ossuary.

You collected 888 gold pieces.
You spent 643 gold pieces at shops.

Inventory:

Hand Weapons
 a - a +0 war axe (weapon)
 W - a +4 scimitar of flaming
Armour
 c - a +0 shield (worn)
 o - a +0 pair of gloves (worn)
 L - a +0 plate armour (worn)
 R - a +0 cloak (worn)
 Y - a +1 hat of magic resistance (worn)
Jewellery
 n - a +6 ring of dexterity (left hand)
 B - a ring of see invisible (right hand)
 I - a +6 amulet of reflection (around neck)
Wands
 e - a wand of paralysis (5/24)
 s - a wand of acid (6/15)
 J - a wand of hasting (2/9)
 S - a wand of lightning (3/15)
 U - a wand of lightning (7/15)
Scrolls
 l - 7 scrolls of random uselessness {unknown}
 m - 8 scrolls of identify {unknown}
 q - 10 scrolls of remove curse {unknown}
 u - 4 scrolls of blinking {unknown}
 w - 5 scrolls of enchant weapon {unknown}
 y - 3 scrolls of teleportation {unknown}
 z - 3 scrolls of fear {unknown}
 C - a scroll of amnesia {unknown}
 D - 3 scrolls of noise {unknown}
 G - 3 scrolls of fog {unknown}
 K - 3 scrolls of immolation {unknown}
 M - a scroll of vulnerability {unknown}
 O - 4 scrolls of recharging {unknown}
 P - a scroll of holy word {unknown}
Potions
 d - 3 potions of might
 g - 2 potions of cancellation {unknown}
 h - 3 potions of agility {unknown}
 i - 4 potions of heal wounds {unknown}
 k - 8 potions of brilliance {unknown}
 p - 3 potions of lignification {unknown}
 t - 8 potions of curing {unknown}
 v - 3 potions of haste {unknown}
 x - 2 potions of flight {unknown}
 E - a potion of ambrosia {unknown}
 F - 2 potions of mutation {unknown}
 H - 3 potions of berserk rage {unknown}
 V - a potion of degeneration {unknown}
Comestibles
 f - 12 bread rations
 j - 6 meat rations
 r - 6 fruits
 A - 12 royal jellies
 N - 3 beef jerkies


   Skills:
 + Level 10.8 Fighting
 * Level 14.3 Axes
 + Level 11.0 Armour
 + Level 11.2 Shields


You had 10 spell levels left.
You didn't know any spells.

Dungeon Overview and Level Annotations

Branches:
Dungeon (11/15)            Temple (1/1) D:6
   Lair: D:8-11         Orc: D:9-12

Altars:
Ashenzari
Cheibriados
Dithmenos
Elyvilon
Fedhas
Gozag
Kikubaaqudgha
Makhleb
Nemelex Xobeh
Okawaru
Qazlal
Ru
Sif Muna
Trog
Uskayaw
Vehumet
Xom
Yredelemnul
Zin
The Shining One

Shops:
D:8 %   D:9 *!=*


Innate Abilities, Weirdness & Mutations

You reflexively headbutt those who attack you in melee.
You have a pair of horns on your head.
You are partially covered in large bone plates. (SH +4)
Your system is resistant to poisons. (rPois)


Message History

The shard of ice hits you! You block the deep elf mage's attack.
You closely miss the deep elf mage.
The deep elf mage is severely wounded.
You slash the deep elf mage!
You hit the earth elemental but do no damage.
You hit the sixfirhy. You block the deep elf mage's attack.
You block the earth elemental's attack.
Unknown command.
You're too exhausted to go berserk.
Your black bear goes berserk!
You feel somewhat more hungry. You block the deep elf mage's attack.
The deep elf mage points at you and mumbles some strange words.
The shard of ice hits you!
* * * LOW HITPOINT WARNING * * *
The deep elf mage hits you but does no damage.
Unknown command.
The sixfirhy hits you.
* * * LOW HITPOINT WARNING * * *
The sixfirhy shocks you!
You die...

.###.#####........
.....##....#.#....
###.#....##...#....
#.....#.....#.#....
#........#....##...
#.....#.....#.##P..
#.eeE..............
##.E..e#######.###
#.h@3e*.# .#
##.####e# # ##
#*4Y.# #.##.#


er4 .# ..s .# ..ยง.. .. #>##. # ee .. You could see 2 earth elementals, 5 deep
elf magi, a sixfirhy, a battlesphere and a friendly black bear (berserk).

Vanquished Creatures
  Gastronok (D:8)
  Erica (D:8)
  A queen ant (D:9)
  2 unseen horrors
  Pikel (D:7)
  A hill giant (D:10)
  A deep elf mage (D:11)
  Maurice (D:10)
  Joseph (D:7)
  A gargoyle (D:10)
  A komodo dragon (D:10)
  2 hippogriffs (D:9)
  3 wyverns
  Grum (D:8)
  20 soldier ants (D:9)
  A water moccasin (D:11)
  3 ice beasts
  3 orc warriors
  2 slaves (D:7)
  A black bear (D:4)
  4 ogres
  A sky beast (D:9)
  2 phantoms (D:6)
  4 wolves (D:8)
  2 centaurs
  A crocodile (D:10)
  8 big kobolds
  7 bullfrogs
  A wyvern zombie (D:9)
  2 gnoll sergeants
  2 scorpions
  3 wights (D:9)
  2 howler monkeys
  2 electric eels (D:11)
  7 crimson imps
  A centaur zombie (D:9)
  A quasit (D:8)
  5 orc priests
  6 jellies
  Crazy Yiuf (D:7)
  2 bullfrog skeletons
  6 hounds
  A human zombie (Ossuary)
  6 orc wizards
  3 iguanas
  Natasha (D:3)
  A statue (D:7)
  23 worker ants
  3 big kobold zombies (Ossuary)
  2 hound zombies
  4 mummies (Ossuary)
  A hound skeleton (D:6)
  A howler monkey zombie (D:7)
  3 worker ant zombies
  8 gnolls
  9 adders
  A shadow imp (D:9)
  9 oozes
  A worm (D:3)
  3 dart slugs
  6 leopard geckos
  23 orcs
  5 giant cockroaches
  7 hobgoblins
  7 jackals
  4 quokkas
  7 bats
  5 frilled lizards
  4 goblins
  A goblin zombie (Ossuary)
  A hobgoblin zombie (Ossuary)
  74 kobolds
  3 kobold zombies (Ossuary)
  An orc zombie (Ossuary)
  A quokka zombie (D:6)
  14 rats
  A rat zombie (Ossuary)
362 creatures vanquished.

Vanquished Creatures (others)
  A yak (D:7)
  A slave (D:7)
  A kobold (D:9)
3 creatures vanquished.

Grand Total: 365 creatures vanquished

Notes
Turn   | Place    | Note
-------+----------+-------------------------------------------
     0 | D:1      | Danakh the Minotaur Fighter began the quest for the Orb.
     0 | D:1      | Reached XP level 1. HP: 19/19 MP: 0/0
   198 | D:1      | Reached XP level 2. HP: 27/27 MP: 1/1
   395 | D:1      | Reached skill level 3 in Axes
   535 | D:1      | Found a sparkling altar of Nemelex Xobeh.
   838 | D:2      | Reached XP level 3. HP: 20/33 MP: 2/2
  1126 | D:2      | Found a burning altar of Makhleb.
  1165 | D:2      | Reached XP level 4. HP: 35/40 MP: 3/3
  2178 | D:3      | Noticed a big kobold
  2186 | D:3      | Killed a big kobold
  2186 | D:3      | Reached skill level 4 in Axes
  2186 | D:3      | Reached XP level 5. HP: 30/47 MP: 4/4
  2294 | D:3      | Reached skill level 5 in Shields
  2355 | D:3      | Reached XP level 6. HP: 49/55 MP: 5/5
  2492 | D:3      | Reached skill level 5 in Armour
  2497 | D:3      | Reached skill level 5 in Fighting
  2497 | D:3      | Reached skill level 5 in Axes
  2508 | D:3      | Reached XP level 7. HP: 32/61 MP: 6/6
  2514 | D:3      | Reached skill level 6 in Axes
  2871 | D:3      | Found an iron altar of Okawaru.
  2874 | D:3      | Found a basalt altar of Yredelemnul.
  3019 | D:3      | Found a blossoming altar of Fedhas.
  3070 | D:3      | Noticed Natasha
  3075 | D:3      | Killed Natasha
  3995 | D:5      | Entered Level 5 of the Dungeon
  4136 | D:5      | Reached skill level 7 in Axes
  4170 | D:5      | Reached XP level 8. HP: 52/70 MP: 7/7
  4681 | D:6      | Noticed an unseen horror
  4697 | D:6      | Killed an unseen horror
  4697 | D:6      | Reached skill level 8 in Axes
  4712 | D:6      | Found a sand-covered staircase.
  4721 | Ossuary  | Entered an ossuary
  4907 | D:6      | Found a staircase to the Ecumenical Temple.
  4915 | Temple   | Entered the Ecumenical Temple
  4972 | Temple   | Became a worshipper of Trog the Wrathful
  5087 | D:6      | Found a glowing drain.
  5094 | Sewer    | Entered a sewer
  5402 | D:6      | Reached skill level 9 in Axes
  5436 | D:6      | Reached XP level 9. HP: 58/79 MP: 8/8
  5575 | D:6      | Reached * piety under Trog
  6251 | D:7      | Noticed Joseph
  6258 | D:7      | Killed Joseph
  6272 | D:7      | Reached skill level 10 in Axes
  6509 | D:7      | Noticed Pikel
  6530 | D:7      | Killed Pikel
  6678 | D:7      | Found an opulent altar of Gozag.
  6873 | D:7      | Found a radiant altar of Vehumet.
  6882 | D:7      | Reached skill level 11 in Axes
  6905 | D:7      | Reached XP level 10. HP: 87/90 MP: 9/9
  7015 | D:7      | Found a runed door.
  7019 | D:7      | Noticed Crazy Yiuf
  7022 | D:7      | Killed Crazy Yiuf
  7497 | D:8      | Reached ** piety under Trog
  7590 | D:8      | Noticed Grum
  7619 | D:8      | Killed Grum
  7765 | D:8      | Found a stormy altar of Qazlal.
  7797 | D:8      | Noticed Erica
  7807 | D:8      | Killed Erica
  7808 | D:8      | Noticed Gastronok
  7816 | D:8      | Killed Gastronok
  7816 | D:8      | Reached skill level 12 in Axes
  7862 | D:8      | Found Jallecenk's Food Shop.
  7961 | D:9      | Found Keimuser's General Store.
  8020 | D:9      | Reached skill level 10 in Shields
  8024 | D:9      | Reached XP level 11. HP: 97/97 MP: 10/10
  8042 | D:9      | Noticed a queen ant
  8059 | D:9      | Killed a queen ant
  8059 | D:9      | Reached skill level 13 in Axes
  8059 | D:9      | Reached skill level 10 in Armour
  8122 | D:9      | Reached *** piety under Trog
  8146 | D:9      | Reached skill level 10 in Fighting
  8570 | D:9      | Found Gouda's Distillery.
  8571 | D:9      | Found Qyrr's Jewellery Shoppe.
  8588 | D:9      | Found Kacadeze's Assorted Antiques.
  8954 | D:9      | Reached **** piety under Trog
  9342 | D:9      | Gained mutation: You are partially covered in large bone plates. (SH +4) [mutagenic meat]
  9343 | D:9      | Gained mutation: You have a pair of large horns on your head. [mutagenic meat]
  9344 | D:9      | Lost mutation: You have a pair of large horns on your head. [mutagenic meat]
  9345 | D:9      | Gained mutation: Your system is resistant to poisons. (rPois) [mutagenic meat]
  9564 | D:9      | Bought a +6 ring of dexterity for 643 gold pieces
  9608 | D:10     | Entered Level 10 of the Dungeon
  9608 | D:10     | Noticed Maurice
  9609 | D:10     | Noticed an unseen horror
  9612 | D:10     | Killed an unseen horror
  9614 | D:10     | Received a gift from Trog
  9617 | D:10     | Killed Maurice
  9618 | D:10     | Reached skill level 14 in Axes
  9761 | D:10     | Noticed a hill giant
  9767 | D:10     | Killed a hill giant
 10071 | D:11     | Noticed a deep elf mage
 10072 | D:11     | Noticed a deep elf mage
 10072 | D:11     | Noticed a deep elf mage
 10086 | D:11     | Killed a deep elf mage
 10088 | D:11     | Noticed a deep elf mage
 10092 | D:11     | Noticed a deep elf mage
 10092 | D:11     | Noticed a deep elf mage
 10092 | D:11     | Noticed a deep elf mage
 10097 | D:11     | Noticed a deep elf mage
 10098 | D:11     | Noticed a sixfirhy
 10111 | D:11     | HP: 1/101 [sixfirhy[a deep elf mage] (6)]
 10111 | D:11     | Mangled by a sixfirhy

Skill      XL: |  1  2  3  4  5  6  7  8  9 10 11 |
---------------+----------------------------------+-----
Shields        | 4 5 6 7 8 10 11 | 11.2
Axes           | 3 4 5 7 9 11 12 14 | 14.3
Fighting       | 4 5 6 7 8 9 10 | 10.8
Armour         | 4 5 6 7 8 9 11 | 11.0

Action                   |  1- 3 |  4- 6 |  7- 9 | 10-12 || total
-------------------------+-------+-------+-------+-------++-------
Melee: War axe           |    70 |   163 |   388 |   532 ||  1153
       Headbutt          |     7 |    22 |    81 |   116 ||   226
Invok: Berserk           |       |       |     1 |     6 ||     7
       Trog's Hand       |       |       |       |     1 ||     1
       Brothers in Arms  |       |       |       |     1 ||     1
Evoke: Wand              |       |       |       |     1 ||     1
  Eat: Chunk             |     1 |     4 |    14 |    20 ||    39
       Beef jerky        |       |       |     1 |     1 ||     2
       Pizza             |       |       |       |     1 ||     1
Armor: Scale mail        |    30 |    16 |       |       ||    46
       Chain mail        |       |    87 |    80 |       ||   167
       Plate armour      |       |       |    51 |   127 ||   178
Dodge: Dodged            |    23 |    48 |    63 |    61 ||   195
Block: Shield            |    34 |   110 |   306 |   423 ||   873
       Reflection        |       |       |    14 |    10 ||    24
